 Dungeon Crawl Stone Soup version 0.29-a0-490-g77b3608bb8 (webtiles) character file.

Game seed: 15458826104699631591

147 siradein the Skirmisher (level 5, -2/62 (63) HPs)
             Began as an Ogre Berserker on May 26, 2022.
             Was a Believer of Trog.
             Slain by an orc wizard
             ... wielding a +0 dagger
              (3 damage)
             ... on level 3 of the Dungeon.
             The game lasted 00:07:22 (2600 turns).

siradein the Skirmisher (Ogre Berserker)            Turns: 2600, Time: 00:07:23

HP:   -2/62 (63)    AC:  3    Str: 23    XL:     5   Next: 29%
MP:   5/5           EV: 10    Int:  8    God:    Trog [**....]
Gold: 203           SH:  0    Dex:  8    Spells: 4/4 levels left

rFire   . . .      SeeInvis .   a - +0 spear
rCold   . . .      Faith    .   (no shield)
rNeg    . . .      Spirit   .   b - +0 animal skin
rPois   .          Reflect  .   (helmet restricted)
rElec   .          Harm     .   (no cloak)
rCorr   .          Rampage  .   (gloves unavailable)
Will    .....                   (boots unavailable)
Stlth   +.........              (no amulet)
HPRegen 0.20/turn               (no ring)
MPRegen 0.09/turn               (no ring)

@: confused, on berserk cooldown, slowed, lightly drained, very slow
A: large, unfitting armour, tough skin 1
a: Renounce Religion, Berserk, Trog's Hand


You were on level 3 of the Dungeon.
You worshipped Trog.
Trog was pleased with you.
You visited 1 branch of the dungeon, and saw 3 of its levels.

You collected 203 gold pieces.

Inventory:

Hand Weapons
 a - a +0 spear (weapon)
Missiles
 o - 4 javelins (quivered)
Armour
 b - a +0 animal skin (worn)
Scrolls
 c - a scroll of torment {unknown}
 d - 2 scrolls of immolation
 f - a scroll of poison
 h - a scroll of silence {unknown}
 i - 2 scrolls of teleportation
 k - a scroll of fear
 l - 2 scrolls of blinking
 n - a scroll of enchant armour
 p - a scroll of fog
Potions
 g - a potion of heal wounds {unknown}
 j - a potion of attraction
 q - a potion of brilliance {unknown}
 r - a potion of curing {unknown}
 s - a potion of cancellation {unknown}
 u - a potion of mutation {unknown}


   Skills:
 + Level 7.7 Fighting
 - Level 3.0 Polearms
 - Level 2.6 Dodging


You had 4 spell levels left.
You didn't know any spells.
Your spell library was empty.

Dungeon Overview and Level Annotations

Branches:
Dungeon (3/15)

Altars:
Gozag


Innate Abilities, Weirdness & Mutations

You are too large for most types of armour.
You have tough skin. (AC +1)


Message History

You bump into the rock wall.
You bump into the rock wall.
You feel a strong urge to attack something.
Something completely misses you.
An orc comes into view. It is wielding a +0 falchion.
You are no longer berserk.
You are exhausted.
You feel yourself slow down.
You bump into the rock wall.
Something hits you.
* * * LOW HITPOINT WARNING * * *
You bump into the rock wall.
The endoplasm jiggles.
You hear some strange, mumbled words.
Something tries to affect you, but you resist.
You bump into the rock wall.
You feel less confused. Something hits you.
* * * LOW HITPOINT WARNING * * *
Something hits you but does no damage.
You hit something. Something hits you.
* * * LOW HITPOINT WARNING * * *
You barely miss something. Something hits you but does no damage.
Something hits you.
* * * LOW HITPOINT WARNING * * *
You miss something. Something hits you.
* * * LOW HITPOINT WARNING * * *
You closely miss something. Something hits you.
* * * LOW HITPOINT WARNING * * *
You completely miss something.
You hear some strange, mumbled words.
You are confused.
Something hits you but does no damage.
You miss something. Something hits you.
* * * LOW HITPOINT WARNING * * *
You miss something.
An orc wizard appears from thin air!
Reactivating autopickup.
The orc wizard hits you with a +0 dagger.
* * * LOW HITPOINT WARNING * * *
The orc wizard hits you with a +0 dagger.
You die...

#.. #......#...###......
#. #..
#.####.(###.##....#.
#..##..####=# #..#
#..).#.##. #...........#
#..###.##...##.
#.##...)###.#
#.#...##....... #.#.#.##.#
#.#...#........ ##.......#
#...........##.
##.#.#######.#...#[....##>
#........@oJ..####....####
+..#.#.#.###..## #....#
+..#..###.J....# #P..P#
+..#.#.#.###..o# #.P.##
##..........†..# ##.##
#.......####..## ##
#..[....# #..# ####. #.#
#.o# #o .# #..#


You could see an orc wizard and an endoplasm.

Vanquished Creatures
  Terence (D:3)
  3 gnolls (D:2)
  5 adders
  A worm (D:2)
  A dart slug (D:1)
  3 ball pythons
  A bat (D:1)
  4 endoplasms
  A giant cockroach (D:2)
  9 goblins
  2 hobgoblins
  2 quokkas
  5 frilled lizards
  5 kobolds
  4 rats
47 creatures vanquished.

Notes
Turn   | Place    | Note
-------+----------+-------------------------------------------
     0 | D:1      | siradein the Ogre Berserker began the quest for the Orb.
     0 | D:1      | Reached XP level 1. HP: 24/24 MP: 1/1
    71 | D:1      | Found a faded altar of an unknown god.
   296 | D:1      | Reached XP level 2. HP: 32/33 MP: 2/2
   476 | D:1      | Reached skill level 5 in Fighting
   911 | D:2      | Found an opulent altar of Gozag.
   936 | D:2      | Reached XP level 3. HP: 22/42 MP: 3/3
  1224 | D:2      | Reached skill level 6 in Fighting
  1469 | D:2      | Reached ** piety under Trog
  1482 | D:2      | Reached XP level 4. HP: 38/53 MP: 4/4
  1924 | D:2      | Reached skill level 7 in Fighting
  2226 | D:3      | Noticed Terence
  2239 | D:3      | Killed Terence
  2240 | D:3      | Reached XP level 5. HP: 62/62 MP: 5/5
  2599 | D:3      | HP: 3/62 [something (2)]
  2600 | D:3      | HP: 1/62 [orc wizard/+0 dagger (2)]
  2600 | D:3      | Slain by an orc wizard

Illustrated notes

Levels and vault maps discovered:
D:1:      minmay_arrival_loop, layout_loops_ring, serial_glass, glass_columns_b,
          glass_columns_a, glass_columns_a, glass_columns_c,
          hellmonk_ecumenical_altar_blasted
D:2:      layout_basic, basic_altar, minmay_statues_item
D:3:      layout_loops_ring, mainiacjoe_overflow_alcove_4,
          uniq_crazy_yiuf_cottage, uniq_terence

Skill      XL: |  1  2  3  4 |
---------------+-------------+-----
Fighting       | 5 6 7 |  7.7
Polearms       | |  3.0
Dodging        | |  2.6

Action                   |  1- 3 |  4- 6 || total
-------------------------+-------+-------++-------
Melee: Spear             |   105 |    98 ||   203
       Punch             |     1 |     1 ||     2
Invok: Berserk           |       |     3 ||     3
  Use: Scroll            |       |     8 ||     8
Armor: Animal skin       |    15 |    20 ||    35
Dodge: Dodged            |    29 |    33 ||    62

Table legend: (Time is in decaauts)
 A = Elapsed time spent in this place.
 B = Non-inter-level travel time spent in this place.
 C = Inter-level travel time spent in this place.
 D = Time resting spent in this place.
 E = Time spent auto-exploring this place.
 F = Levels seen in this place.
 G = Mean time per level.
                   A        B        C        D        E       F      G
               +--------+--------+--------+--------+--------+-----+--------+
         Total |   2607 |   2576 |     31 |    242 |   1886 |   3 |  869.0 |
       Dungeon |   2607 |   2576 |     31 |    242 |   1886 |   3 |  869.0 |
               +--------+--------+--------+--------+--------+-----+--------+

Top non-repeatable levels by time:
     D:2: 1133 daAuts
     D:1: 897 daAuts
     D:3: 576 daAuts
